 Dungeon Crawl Stone Soup version 0.22-a0-192-g6ffc940c34 (webtiles) character file.

476 RedPan the Stinger (level 7, -4/41 HPs)
             Began as an Octopode Wizard on Feb 16, 2018.
             Killed from afar by Blork the orc (10 damage)
             ... with a puff of flame
             ... on level 5 of the Dungeon.
             The game lasted 00:16:45 (6884 turns).

RedPan the Stinger (Octopode Wizard)                Turns: 6884, Time: 00:16:45

Health: -4/41      AC:  2    Str:  7      XL:     7   Next: 10%
Magic:  2/13       EV: 14    Int: 20      God:
Gold:   214        SH:  0    Dex: 11 (12) Spells: 3/14 levels left

rFire    . . .     SeeInvis .   f - +0 dagger
rCold    . . .     Gourm    .   (no shield)
rNeg     . . .     Faith    .   a - +1 hat
rPois    .         Spirit   .   (no amulet)
rElec    .         Reflect  .   n - ring of protection from magic
rCorr    .         Harm     .   o - ring of protection from magic
MR       ++...                  (no ring)
Stlth    +++.......             (no ring)
HPRegen  0.13/turn              (no ring)
MPRegen  0.13/turn              (no ring)
                                (no ring)
                                (no ring)

@: hasted, very quick
A: almost no armour, stealthy swim, amphibious, 8 rings, constrict 8, camouflage
1, gelatinous body 1
a: no special abilities


You were on level 5 of the Dungeon.
You were hungry.

You visited 1 branch of the dungeon, and saw 6 of its levels.

You collected 214 gold pieces.

Inventory:

Hand Weapons
 e - a +0 short sword
 f - a +0 dagger (weapon)
Armour
 a - a +1 hat (worn)
Jewellery
 n - a ring of protection from magic (left tentacle)
 o - a ring of protection from magic (right tentacle)
Scrolls
 d - a scroll of identify
 h - a scroll of fog
 i - 2 scrolls of fear {unknown}
 j - a scroll of teleportation {unknown}
 l - a scroll of blinking {unknown}
 p - a scroll of enchant armour
 q - a scroll of remove curse
 r - a scroll of amnesia {unknown}
Potions
 m - a potion of lignification
 s - a potion of curing
 t - a potion of heal wounds {unknown}
 u - a potion of mutation {unknown}
Books
 b - a book of Minor Magic

   Spells                             Type                      Level
   a - Magic Dart                     Conjuration                  1
   b - Blink                          Translocation                2
   c - Call Imp                       Summoning                    2
   d - Slow                           Hexes                        2
   e - Conjure Flame                  Conjuration/Fire             3
   f - Mephitic Cloud                 Conjuration/Poison/Air       3
 k - a Young Poisoner's Handbook

   Spells                             Type                      Level
   a - Sting                          Conjuration/Poison           1
   b - Poisonous Vapours              Poison/Air                   2
   c - Mephitic Cloud                 Conjuration/Poison/Air       3
   d - Olgreb's Toxic Radiance        Poison                       4
   e - Venom Bolt                     Conjuration/Poison           5
Comestibles
 c - 5 rations
 v - 3 chunks of flesh


   Skills:
 + Level 3.1 Dodging
 - Level 2.6 Stealth
 - Level 4.0 Spellcasting
 - Level 3.0 Conjurations
 + Level 2.2 Summonings
 + Level 1.8 Translocations
 - Level 2.2 Air Magic
 * Level 4.1 Poison Magic


You had 3 spell levels left.
You knew the following spells:

 Your Spells              Type           Power        Failure   Level  Hunger
a - Magic Dart            Conj           ###.         3%          1    None
b - Blink                 Tloc           N/A          9%          2    #......
c - Call Imp              Summ           ##......     8%          2    #......
d - Mephitic Cloud        Conj/Pois/Air  ###.....     11%         3    ###....
e - Conjure Flame         Conj/Fire      ##......     21%         3    ###....


Dungeon Overview and Level Annotations

Branches:
Dungeon (6/15)
 Temple: D:4-7

Altars:
Kikubaaqudgha
Qazlal
Xom

Shops:
D:4 [

Annotations:
D:2 1 runed door, Sigmund
D:5 Blork the orc


Innate Abilities, Weirdness & Mutations

You cannot wear most types of armour.
You are very stealthy in the water. (Stealth+)
You are amphibious.
You can wear up to eight rings at the same time.
You can use your tentacles to constrict eight enemies at once.
Your skin changes colour to match your surroundings (Stealth+).
Your rubbery body absorbs attacks. (AC +1, EV +1)


Message History

The orc shouts! x2; The jackal barks!
You hear a bark!
Blork the orc points at you and mumbles some strange words.
The magic dart hits you!
* * * LOW HITPOINT WARNING * * *
The water moccasin skeleton barely misses you.
Casting: Blink (safe; 9% risk of failure)
Confirm with . or Enter, or press ? or * to list all spells.
You blink.
Blork the orc looks braver for a moment.
You feel yourself speed up. Blork the orc casts a spell at you.
The puff of flame hits you!
* * * LOW HITPOINT WARNING * * *
Blork the orc screams, "I don't like you!"
Some of the chunks of flesh in your inventory have rotted away.
Blork the orc looks satisfied for a moment.
Blork the orc screams, "I'll decorate my home with your organs!"
Blork the orc points at you and mumbles some strange words.
The puff of flame hits you!
You die...

...###o...?#(#.#####.([#####o#
. +.....# #. #...# ##.####
#.<%..#.#. #...# #.....#
#.....#.#.#####...# #..Z..#
##...............#####.....#
........................o.#
#...............#####.#.###
#...[...).......# #.#o.#
#......#..@..o.## #..#.#
#....Z.#.#####Z# ##.#.## #
###.#######....#
#..oo.....o#.#'#
###.o.............
#<#h(.............
#h#......Z........
hY#..........###.#
...#..........# #.#


You could see Blork the orc and a water moccasin skeleton.

Vanquished Creatures
  An ogre (D:4)
  A howler monkey (D:5)
  A crimson imp (D:4)
  An orc priest (D:5)
  An orc wizard (D:4)
  2 worker ants (D:5)
  A howler monkey skeleton (D:5)
  7 adders
  An ooze (D:4)
  3 worms
  A leopard gecko (D:3)
  8 orcs
  A ball python (D:2)
  4 giant cockroaches
  2 goblins (D:1)
  9 hobgoblins
  9 jackals
  4 quokkas
  14 bats
  7 frilled lizards
  4 kobolds (D:2)
  A leopard gecko skeleton (D:4)
  9 rats
92 creatures vanquished.

Vanquished Creatures (collateral kills)
  A howler monkey (D:3)
  7 adders
  3 orcs (D:3)
11 creatures vanquished.

Grand Total: 103 creatures vanquished

Notes
Turn   | Place    | Note
-------+----------+-------------------------------------------
     0 | D:1      | RedPan the Octopode Wizard began the quest for the Orb.
     0 | D:1      | Reached XP level 1. HP: 11/11 MP: 4/4
   467 | D:1      | Reached XP level 2. HP: 17/17 MP: 1/6
   676 | D:1      | Learned a level 2 spell: Blink
   679 | D:1      | Learned a level 2 spell: Call Imp
  1319 | D:2      | Reached XP level 3. HP: 21/21 MP: 4/7
  1705 | D:2      | Noticed Sigmund
  2350 | D:2      | Reached XP level 4. HP: 27/27 MP: 5/9
  3067 | D:2      | Learned a level 3 spell: Mephitic Cloud
  3091 | D:2      | Found a runed door.
  3484 | D:3      | Reached skill level 1 in Poison Magic
  3642 | D:3      | Learned a level 3 spell: Conjure Flame
  3864 | D:3      | Reached XP level 5. HP: 31/31 MP: 6/11
  3906 | D:3      | Reached skill level 1 in Air Magic
  5283 | D:4      | Found a stormy altar of Qazlal.
  5375 | D:4      | Noticed an ogre
  5408 | D:4      | Killed an ogre
  5408 | D:4      | Reached XP level 6. HP: 36/36 MP: 0/12
  5580 | D:4      | Found Escho's Armour Shoppe.
  5839 | D:4      | Found an ancient bone altar of Kikubaaqudgha.
  6113 | D:4      | You fall through a shaft!
  6113 | D:5      | Entered Level 5 of the Dungeon
  6333 | D:5      | Noticed a sky beast
  6737 | D:5      | Reached XP level 7. HP: 33/41 MP: 7/13
  6823 | D:5      | Noticed Blork the orc
  6869 | D:5      | Found a shimmering altar of Xom.
  6884 | D:5      | Killed from afar by Blork the orc

Vault maps used:
D:1:      noname_arrival_rooms_in_the_neighbourhood, serial_forest,
          infiniplex_forest_clump_double, infiniplex_forest_clump_long,
          infiniplex_forest_zigzag_2, infiniplex_forest_lined_corner,
          infiniplex_forest_lined_2, infiniplex_forest_lined_2,
          infiniplex_forest_lined_2
D:2:      kennysheep_generic_room_4, uniq_crazy_yiuf_cottage, uniq_sigmund
D:3:      first_ration, kennysheep_generic_room_7
D:4:      kiku_gazebo_pond_becter, serial_shops, kennysheep_mini,
          nicolae_qazlal_general_emergency
D:5:      kennysheep_mini_moat, temple_green, xom_teletrap_fun,
          uniq_blork_the_orc, uniq_eustachio
D:6:      old_standard_altar, nicolae_overflow_hidden_temple, elyvilon_altar_5

Skill      XL: |  1  2  3  4  5  6  7 |
---------------+----------------------+-----
Conjurations   | 2 3 |  3.0
Spellcasting   | 4 |  4.0
Poison Magic   | 1 2 3 4 |  4.1
Air Magic      | 2 |  2.2
Summonings     | 2 |  2.2
Dodging        | 3 |  3.1
Stealth        | |  2.6
Translocations | |  1.8

Action                   |  1- 3 |  4- 6 |  7- 9 || total
-------------------------+-------+-------+-------++-------
Melee: Dagger            |    17 |    60 |       ||    77
       Constrict         |     6 |    13 |       ||    19
       Tentacles         |     2 |    13 |       ||    15
 Cast: Magic Dart        |    85 |   142 |    14 ||   241
       Call Imp          |     6 |    26 |       ||    32
       Conjure Flame     |       |     6 |       ||     6
       Mephitic Cloud    |       |     6 |       ||     6
       Blink             |       |     1 |     5 ||     6
  Use: Scroll            |       |     5 |     2 ||     7
       Potion            |       |       |     1 ||     1
 Stab: Confused          |       |     1 |       ||     1
  Eat: Chunk             |     4 |    12 |       ||    16
       Ration            |       |     1 |       ||     1
Armor: Skin              |     5 |     5 |     1 ||    11
Dodge: Dodged            |    25 |    48 |    18 ||    91

Table legend:
 A = Spawn XP
 B = Non-spawn XP
 C = Spawn XP percentage of total XP
 D = Spawn monster count
 E = Non-spawn monster count
 F = Spawn count percentage of total count
 G = Total turns spent on level
                    A         B        C        D         E        F      G
               +---------+---------+-------+---------+---------+-------+---------
         Total |       0 |     680 |   0.0 |       0 |     103 |   0.0 |  6884
               +---------+---------+-------+---------+---------+-------+---------
           D:1 |       0 |      30 |   0.0 |       0 |      18 |   0.0 |  1619
           D:2 |       0 |      81 |   0.0 |       0 |      28 |   0.0 |  1809
           D:3 |       0 |     143 |   0.0 |       0 |      28 |   0.0 |  1707
           D:4 |       0 |     219 |   0.0 |       0 |      19 |   0.0 |  1210
           D:5 |       0 |     207 |   0.0 |       0 |      10 |   0.0 |   528
               +---------+---------+-------+---------+---------+-------+---------
